 Dungeon Crawl Stone Soup version 0.14-a0-2001-g390038d (webtiles) character file.

279 M4edhros the Caregiver (level 5, 0/29 HPs)
             Began as a Kobold Healer on Jan 18, 2014.
             Was a Follower of Elyvilon.
             Slain by a gnoll
             ... wielding a +0,+0 club
              (7 damage)
             ... on Level 2 of the Dungeon.
             The game lasted 00:08:59 (4039 turns).

M4edhros the Caregiver (Kobold Healer)              Turns: 4039, Time: 00:08:59

HP   0/29        AC  6     Str 11      XL: 5   Next: 66%
MP   9/9         EV 11     Int 11      God: Elyvilon [*.....]
Gold 122         SH  0     Dex 15      Spells:  0 memorised,  4 levels left

rFire  . . .     SeeInvis .     e - +1,+0 elf short sword
rCold  . . .     Clarity  .     x - +0 dwarf ring mail
rNeg   . . .     Conserve .     (no shield)
rPois  .         rCorr    .     (no helmet)
rElec  .         rRot     .     (no cloak)
SustAb . .       Spirit   .     s - +0 pair of orc gloves
rMut   .         Warding  .     (no boots)
Saprov + + .     Stasis   .     (no amulet)
MR     .....                    (no ring)
                                (no ring)

@: not resistant to hostile enchantments, fairly stealthy
A: disease resistance, carnivore 3, saprovore 2
a: Lesser Healing, Lesser Self-Healing, Divine Protection, Renounce Religion


You were on level 2 of the Dungeon.
You worshipped Elyvilon.
Elyvilon was aware of your devotion.
You were very full.

You visited 1 branch of the dungeon, and saw 3 of its levels.

You collected 122 gold pieces.

Inventory:

Hand weapons
 e - a +1,+0 elven short sword (weapon)
 p - a +0 blowgun
Missiles
 q - 2 poisoned needles
Armour
 a - a +1 robe
 s - a +0 pair of orcish gloves (worn)
 x - a +0 dwarven ring mail (worn)
Magical devices
 r - a wand of confusion (6)
Comestibles
 d - 3 meat rations
 h - a cheese
 k - a choko
 l - 14 strawberries
Scrolls
 c - a scroll of identify {unknown}
 f - a scroll of curse jewellery {unknown}
 g - a scroll of enchant weapon II {unknown}
 i - a scroll of blinking {unknown}
 j - 4 scrolls of remove curse {unknown}
 m - a scroll of enchant armour {unknown}
 n - a scroll of fear {unknown}
 t - a scroll of amnesia {unknown}
 u - a scroll of recharging {unknown}
 w - 2 scrolls of immolation {unknown}
Jewellery
 b - an uncursed amulet of conservation {unknown}
 o - an uncursed ring of magical power {unknown}
Potions
 v - a potion of beneficial mutation {unknown}
 z - 2 potions of magic {unknown}


   Skills:
 - Level 1.1 Fighting
 + Level 2.0 Short Blades
 - Level 2.4 Dodging
 + Level 4.0 Stealth
 * Level 5.0 Invocations


You had 4 spell levels left.
You didn't know any spells.

Dungeon Overview and Level Annotations

Branches:
Dungeon (3/16)

Altars:
Elyvilon
Xom

Annotations:
D:2 Sigmund
D:3 4 exclusions


Innate Abilities, Weirdness & Mutations

You recuperate from illness quickly.
You are small and have problems with some larger weapons.
You are carnivorous and can eat meat at any time.
You can eat rotten meat.


Message History

The gnoll hits you with a club.
* * * LOW HITPOINT WARNING * * *
Evoke which item? (* to show all) (? for menu, Esc to quit)
Zapping:
r - a wand of confusion {zapped: 1}
Press: ? - help, Shift-Dir - straight line, f - gnoll
Aim: a gnoll, wielding a club (heavily wounded)
The gnoll appears confused.
You are too injured to fight recklessly!
You are too injured to fight recklessly!
You hit the gnoll.
The gnoll is severely wounded.
You hit the gnoll.
The gnoll is severely wounded.
The gnoll misses you.
You barely miss the gnoll.
The gnoll is severely wounded.
You hit the gnoll.
The gnoll is almost dead.
The gnoll hits you with a club!
You die...

.#.#.#.#.#.#.#[#.#.#.#........#
#.#.#.#.#.#.#.#.#.#.#.#.......#
##.###.###.###.###.###..#######
#.#.#.#.#.#.#.#.#.#.#.#.#
.#.#.#.#.#.#.#.#.#.#.#..#
#######
#######################.#
#...... #####.....#
####################..........
.......)...wg@.##......#..<..#
#####..%######.##...%..#......
#... #.###.....####### #...
#.###.....## #...
###.##.......# #...
#......##.##.# #...
#.#.##.##.##.# ..# ##%##
#.#..........# ##
#....##.####.###...## #


You could see a worm and a gnoll (confused).

Vanquished Creatures
  3 gnolls (D:2)
  3 adders
  A giant mite (D:2)
  2 worms
  A giant eyeball (D:3)
  2 giant geckos
  8 orcs (D:3)
  4 bats
  4 giant cockroaches
  4 goblins
  10 hobgoblins
  11 kobolds
  4 giant newts
  14 jackals
  7 rats
78 creatures vanquished.

Notes
Turn   | Place    | Note
--------------------------------------------------------------
     0 | D:1      | M4edhros, the Kobold Healer, began the quest for the Orb.
     0 | D:1      | Reached XP level 1. HP: 12/12 MP: 2/2
    80 | D:1      | Reached skill level 1 in Stealth
   228 | D:1      | Reached XP level 2. HP: 14/16 MP: 3/3
   327 | D:1      | Found a shimmering altar of Xom.
   327 | D:1      | Found a shimmering altar of Xom.
   328 | D:1      | Found a shimmering altar of Xom.
   328 | D:1      | Found a shimmering altar of Xom.
   848 | D:1      | Reached XP level 3. HP: 17/20 MP: 5/5
   853 | D:1      | Paralysed by a potion of paralysis for 2 turns
  1273 | D:2      | Found a white marble altar of Elyvilon.
  1841 | D:2      | Reached skill level 4 in Invocations
  2008 | D:2      | Reached XP level 4. HP: 25/25 MP: 7/7
  2046 | D:2      | Noticed Sigmund
  2723 | D:3      | Noticed a centaur
  2775 | D:3      | Reached skill level 1 in Short Blades
  2775 | D:3      | Reached XP level 5. HP: 12/29 MP: 9/9
  3322 | D:3      | Paralysed by a giant eyeball for 3 turns
  4019 | D:2      | Reached skill level 5 in Invocations
  4039 | D:2      | Slain by a gnoll

Action                   |  1- 3 |  4- 6 || total
-------------------------+-------+-------++-------
Melee: Short sword       |   146 |   181 ||   327
       Unarmed           |    15 |       ||    15
 Fire: Blowgun           |       |     3 ||     3
Invok: Lesser Self-Heali |     1 |     4 ||     5
       Lesser Healing    |       |     2 ||     2
       Purification      |       |     1 ||     1
Evoke: Wand              |       |     2 ||     2
  Use: Potion            |     7 |     3 ||    10
 Stab: Sleeping          |     7 |     8 ||    15
       Confused          |       |     1 ||     1
